 Dungeon Crawl Stone Soup version 0.31-a0-18-gea43df2a32 (webtiles) character file.

Game seed: 13641026165266566709

25227 Jeffwins the Slicer (level 13, -5/84 HPs)
             Began as an Octopode Wanderer on May 12, 2023.
             Was an Elder of Vehumet.
             Killed by the air
             ... invoked by Gastronok
              (27 damage)
             ... on level 3 of the Lair of Beasts.
             The game lasted 00:48:40 (17739 turns).

Jeffwins the Slicer (Octopode Wanderer)            Turns: 17739, Time: 00:48:40

Health: -5/84      AC:  3    Str:  7    XL:     13   Next: 18%
Magic:  7/22       EV: 14    Int: 22    God:    Vehumet [****..]
Gold:   727        SH: 15    Dex: 19    Spells: 10/24 levels left

rFire   + + .        a - +2 dagger (venom)
rCold   . . .        x - +5 Storm Queen's Shield {shock, Fly rElec}
rNeg    + . .        p - +2 hat
rPois   .            Q - amulet of magic regeneration
rElec   +            e - ring "Lein" {Fire *Corrode rN+ SInv}
rCorr   .            r - ring of willpower
SInv    +            v - ring of willpower
Will    +....        C - ring of protection from cold
Stlth   ++++         F - ring of protection from fire
HPRegen 0.34/turn    Z - ring of wizardry
MPRegen 0.58/turn    X - +6 ring of dexterity
                     O - +4 ring of protection

%: corrode self (3%), wizardry (x1)
@: weak-willed, corroded, flying
A: almost no armour, amphibious, 8 rings, camouflage 1, gelatinous body 1,
(nimble swimmer 1), tentacles
a: Renounce Religion


You were on level 3 of the Lair of Beasts.
You worshipped Vehumet.
Vehumet was greatly pleased with you.
You visited 3 branches of the dungeon, and saw 16 of its levels.
You also visited: Ossuary.

You collected 952 gold pieces.
You spent 225 gold pieces at shops.


Innate Abilities, Weirdness & Mutations

You cannot wear most types of armour.
You are amphibious.
You can wear up to eight rings at the same time.
Your skin changes colour to match your surroundings (Stealth+).
Your rubbery body absorbs attacks. (AC +1, EV +1)
((You are camouflaged when in or above water. (Stealth+)))
You have tentacles for arms and can constrict up to eight enemies at once.


   Skills:
 + Level 6.4 Fighting
 * Level 9.3 Short Blades
 + Level 6.6 Dodging
 - Level 5.0 Stealth
 + Level 4.2 Shields
 + Level 6.4 Spellcasting
 * Level 8.7 Conjurations
 * Level 8.1 Fire Magic
 - Level 6.0 Air Magic
 + Level 1.5 Earth Magic
 - Level 6.0 Poison Magic
 + Level 7.4 Evocations


You had 10 spell levels left.
You knew the following spells:

 Your Spells              Type           Power      Damage    Failure   Level
c - Fireball              Conj/Fire      30%        3d13      5%          5
m - Mephitic Cloud        Conj/Pois/Air  37%        N/A       1%          3
w - Stone Arrow           Conj/Erth      58%        3d10      2%          3
x - Scorch                Fire           100%       2d9       1%          2
z - Foxfire               Conj/Fire      100%       2x1d9     1%          1

Your spell library contained the following spells:

 Spells                   Type           Power      Damage    Failure   Level
 Shock                    Conj/Air       100%       1d9       1%          1
 Flame Wave               Conj/Fire      60%        2d14      2%          4
 Dazzling Flash           Conj/Hex       52%        N/A       3%          3
 Iskenderun's Battlesphe  Conj           45%        2d10      4%          5
 Sting                    Tmut/Pois      80%        1d7       6%          1
 Cigotuvi's Dreadful Rot  Necr/Pois/Air  48%        N/A       6%          2
 Spider Form              Tmut/Pois      20%        N/A       19%         3
 Apportation              Tloc           14%        N/A       21%         1
 Beastly Appendage        Tmut           14%        N/A       21%         1
 Wereblood                Tmut           7%         N/A       32%         2
 Conjure Ball Lightning   Conj/Air       19%        3x3d6     36%         6
 Call Canine Familiar     Summ           7%         N/A       52%         3
 Portal Projectile        Hex/Tloc       14%        N/A       52%         3
 Orb of Destruction       Conj           22%        9d8       69%         7
 Leda's Liquefaction      Hex/Erth       5%         N/A       80%         4
 Anguish                  Hex/Necr       3%         N/A       88%         4
 Animate Dead             Necr           7%         N/A       88%         4
 Cause Fear               Hex            3%         N/A       88%         4
 Dispel Undead            Necr           7%         3d8       88%         4
 Borgnjor's Vile Clutch   Necr/Erth      5%         N/A       98%         5
 Death Channel            Necr           3%         N/A       100%        6
 Summon Cactus Giant      Summ           3%         N/A       100%        6
 Enfeeble                 Hex            3%         N/A       100%        7

Inventory:

Hand Weapons
 a - a +2 dagger of venom (weapon)
 b - a +2 dagger of holy wrath
 g - a +0 scythe of venom
 n - a +2 heavy halberd
Missiles
 i - 30 poisoned darts (quivered)
 P - 4 throwing nets {=f}
Armour
 p - a +2 hat (worn)
 w - an orb of light
 x - the +5 Storm Queen's Shield (worn) {shock, Fly rElec}
   (You found it on level 8 of the Dungeon)

   Shock:     When it blocks an attack, it may electrocute the attacker.
   This works even against foes who are a short distance away.
   rElec:     It insulates you from electricity.
   Fly:       It grants you flight.
Magical Staves
 k - a staff of air
 q - the staff of cold "Ijaaza Sasagg" {rElec rC+ Will+}
   (You found it on level 2 of the Dungeon)

   [staff of cold]

   Base accuracy: +5 Base damage: 5 Base attack delay: 1.2 This weapon's minimum
   attack delay (0.6) is reached at skill level 12.
   rC:        It protects you from cold.
   rElec:     It insulates you from electricity.
   Will:      It increases your willpower.
   It falls into the 'Staves' category.
   It is a one-tentacled weapon.
 S - a staff of cold
Jewellery
 e - the ring "Lein" (left tentacle) {Fire *Corrode rN+ SInv}
   (You acquired it on level 6 of the Dungeon)

   [ring of fire]

   It enhances your fire magic.
   rF:        It protects you from fire.
   rC:        It makes you vulnerable to cold.
   rN:        It protects you from negative energy.
   SInv:      It lets you see invisible.
   *Corrode:  It may corrode you when you take damage.
 h - a ring of willpower
 r - a ring of willpower (right tentacle)
 v - a ring of willpower (on tentacle)
 C - a ring of protection from cold (on tentacle)
 F - a ring of protection from fire (on tentacle)
 H - an amulet of faith {!P}
 O - a +4 ring of protection (on tentacle)
 Q - an amulet of magic regeneration (around mantle)
 X - a +6 ring of dexterity (on tentacle)
 Z - a ring of wizardry (on tentacle)
Wands
 c - a wand of polymorph (1)
 t - a wand of roots (17)
 D - a wand of charming (7)
 V - a wand of flame (13)
 Y - a wand of mindburst (5)
Scrolls
 m - 9 scrolls of teleportation {@r4}
 o - 4 scrolls of immolation {!r}
 s - a scroll of amnesia
 u - a scroll of torment {!r}
 y - 3 scrolls of magic mapping
 E - a scroll of summoning
 G - a scroll of fog
 I - a scroll of silence {!r}
 K - 2 scrolls of brand weapon
 L - 3 scrolls of poison {!r}
 N - a scroll of enchant weapon {unknown}
 W - a scroll of fear
Potions
 d - 4 potions of curing {@q1}
 f - 6 potions of heal wounds {@q2}
 j - 4 potions of brilliance
 z - 2 potions of haste {@q3}
 A - 2 potions of berserk rage {!q}
 B - 2 potions of flight {unknown}
 J - 2 potions of ambrosia
 M - 4 potions of might {unknown}
 R - 4 potions of lignification {!q}
 T - a potion of mutation {unknown}
 U - a potion of cancellation {unknown}

Dungeon Overview and Level Annotations

Branches:
Dungeon (12/15)            Temple (1/1) D:6            Lair (3/5) D:9
 Spider (0/4) Lair:3          Orc (0/2) D:11        Ossuary (visited)
  Swamp: Lair:2-3    Shoals: Lair:2-3

Altars:
Ashenzari
Cheibriados
Dithmenos
Elyvilon
Fedhas
Gozag
Hepliaklqana
Kikubaaqudgha
Makhleb
Nemelex Xobeh
Okawaru
Qazlal
Ru
Sif Muna
Trog
Uskayaw
Vehumet
Wu Jian
Xom
Yredelemnul
Zin
The Shining One

Shops:
D:7 ?   D:10 (

Annotations:
D:4 1 exclusion
D:6 2 transporters, diodin's ghost, novice NaIE
Lair:3 Gastronok

..#.....###### ##.P#P.....P.#
..#.......#..# #.(.......#..#
.............#####(..........#
##..#.##............w........####
##..###.....##P#........(.......#
#..## ##..P..#####.......P?...○..
....# #.~~~.~~~.##...........○...
....# #~.~~.~~.~#................
....###~~.~.~.~~@......#........#
..P.P#.~~~...~~~..)..............
...........>.....................
.......~~~...~~~#.#...#.###..)...
P.#....~~.~.~.~~~#....### .....
.......~.~~.~~.~~..#### ...
...#....~~†.~~~..#..#
...#......#.#~####.P#
.........#.#.## ..##


You could see Gastronok (very poisoned, weak-willed).


Message History

The fireball engulfs Gastronok!!
Gastronok is severely wounded.
Casting: Fireball (dangerous; 5% risk of failure)
Confirm with . or Enter, or press ? or * to list all spells.
Aiming: Mephitic Cloud (safe; 1% risk of failure)
Press: ? - help, Shift-Dir - straight line, f/p - Gastronok
Aim: Gastronok, wearing a +1 hat (severely wounded, very poisoned, weak-willed, chance to affect: 5%)
The ball explodes into a vile cloud!
The stinking cloud engulfs Gastronok but does no damage.
Gastronok is severely wounded.
Gastronok is engulfed in noxious fumes.
Gastronok appears confused.
Gastronok is engulfed in noxious fumes.
Gastronok seems less confused.
Gastronok is engulfed in noxious fumes.
Gastronok waves his eye-stalks in wide circles.
The air twists around and strikes you!!
Your corrosive artefact corrodes you!
You hit Gastronok but do no damage.
You squeeze Gastronok, but do no damage.
Gastronok is severely wounded.
You hit Gastronok.
Gastronok looks as sick as possible!
You squeeze Gastronok!
Gastronok is severely wounded.
You hit Gastronok but do no damage.
Gastronok is severely wounded.
Gastronok waves his eye-stalks in wide circles.
The air twists around and strikes you!!
* * * LOW HITPOINT WARNING * * *
Unknown command.
Gastronok's eyestalks stretch out, then return to normal size.
Gastronok waves his eye-stalks in wide circles.
The air twists around and strikes you!!
You die...

Skill      XL: |  1  2  3  4  5  6  7  8  9 10 11 12 13 |
---------------+----------------------------------------+-----
Short Blades   | 1 2 3 4 5 6 8 9 |  9.3
Stealth        | 2 3 4 5 |  5.0
Fighting       | 1 2 3 4 5 6 |  6.4
Poison Magic   | 4 5 6 |  6.0
Dodging        | 2 3 4 5 6 |  6.6
Conjurations   | 1 2 3 4 6 7 8 |  8.7
Air Magic      | 1 2 3 4 5 6 |  6.0
Evocations     | 3 4 5 6 7 |  7.4
Spellcasting   | 3 4 5 6 |  6.4
Fire Magic     | 1 3 5 6 7 8 |  8.1
Shields        | 2 4 |  4.2
Earth Magic    | 1 |  1.5

Action                     |  1- 3 |  4- 6 |  7- 9 | 10-12 | 13-15 || total
---------------------------+-------+-------+-------+-------+-------++-------
  Melee: Dagger            |    77 |    46 |   316 |   243 |     9 ||   691
         Tentacles         |    19 |     7 |    95 |    75 |     5 ||   201
         Constrict         |    16 |    10 |    60 |    28 |     1 ||   115
         Punch             |     3 |       |     6 |     3 |       ||    12
  Throw: Dart              |       |     3 |    22 |    23 |     4 ||    52
   Cast: Mephitic Cloud    |       |     1 |    10 |    29 |     6 ||    46
         Foxfire           |       |       |    21 |   380 |    37 ||   438
         Fireball          |       |       |       |    25 |     4 ||    29
         Scorch            |       |       |       |       |     8 ||     8
  Evoke: Wand              |       |    13 |    17 |     9 |     2 ||    41
    Use: Potion            |       |     5 |       |       |     5 ||    10
         Scroll            |       |       |    12 |     7 |     2 ||    21
   Stab: Sleeping          |     9 |     1 |    19 |     9 |       ||    38
         Confused          |       |     1 |     7 |    15 |     3 ||    26
         Distracted        |       |       |     1 |       |       ||     1
 Armour: Skin              |     8 |    29 |    40 |    25 |     4 ||   106
  Dodge: Dodged            |    41 |    41 |   186 |    92 |    10 ||   370
  Block: Kite shield       |       |       |       |   138 |    10 ||   148

Levels and vault maps discovered:
D:1:      dpeg_arrival_simpleton_b, layout_basic
D:2:      minmay_diamond_boxcup, layout_loops_ring,
          shapermc_ecumenical_altar_rom_forum
D:3:      layout_basic, serial_park_tiny_1, nicolae_wormholes
D:4:      layout_loops_ring, serial_glass, glass_columns_a, glass_columns_a,
          due_unseen_surprise, uniq_blork_the_orc, uniq_sigmund
D:5:      layout_basic, mainiacjoe_overflow_small_starburst,
          nicolae_qazlal_eye_of_the_storm
D:6:      layout_basic, beargit_hepliaklqana_dungeon_heroes,
          nicolae_overflow_hidden_temple, temple_doors_e, enter_ossuary_5,
          serial_rivers, chequers_serial_rivers_small_a,
          chequers_serial_rivers_room_a, chequers_serial_rivers_micro_e,
          chequers_serial_rivers_room_b, chequers_serial_rivers_large_b,
          gammafunk_ghost_smash
D:7:      layout_gridville, lemuel_doored_altar, serial_shops, shop,
          minmay_crystal_water
D:8:      layout_basic, makhleb_blood_cavern_becter, uniq_pikel
D:9:      layout_irregular_city, grunt_temple_overflow_diamond,
          due_lair_maze_entry_diamond
D:10:     layout_basic, trog_ov_bears_minmay, serial_shops, shop, serial_glass,
          glass_columns_b, glass_columns_a, glass_columns_a, glass_columns_a,
          glass_columns_c, glass_columns_a, glass_columns_a, glass_columns_a,
          uniq_harold
D:11:     layout_loops_ring, orc_0_dummy
D:12:     layout_loops_cross, uniq_erolcha, uniq_azrael
Temple:   minmay_temple_forest_path
Lair:1:   wad_woods_settlement, layout_regular_city,
          hangedman_lair_unloving_vines, nicolae_quartered_pool_super,
          uniq_fannar
Lair:2:   layout_layer_cave
Lair:3:   layout_misc_corridors, minmay_shoals_entry_hut, spider_nest_entry_a,
          minivault_19, nzn_sisyphean_effort, uniq_urug, uniq_nessos,
          uniq_gastronok

Notes
Turn   | Place    | Note
-------+----------+-------------------------------------------
     0 | D:1      | Jeffwins the Octopode Wanderer began the quest for the Orb.
     0 | D:1      | Jeffwins set off with the following items: a +0 dagger, a
                  | potion of brilliance, a wand of polymorph (3); and the
                  | following spells available to memorise: Sting, Cigotuvi's
                  | Dreadful Rot, Apportation, Mephitic Cloud, Dazzling Flash,
                  | Portal Projectile.
     0 | D:1      | Reached XP level 1. HP: 11/11 MP: 3/3
    80 | D:1      | Reached XP level 2. HP: 15/17 MP: 5/5
   374 | D:1      | Reached skill level 1 in Short Blades
   758 | D:2      | Reached skill level 2 in Stealth
   758 | D:2      | Reached XP level 3. HP: 17/22 MP: 6/6
   904 | D:2      | Found a faded altar of an unknown god.
   931 | D:2      | Got Plato's Secrets of the Cumulonimbus
  1206 | D:2      | Identified the staff of cold "Ijaaza Sasagg" {rElec rC+
                  | Will+}
  1567 | D:3      | Reached XP level 4. HP: 15/27 MP: 7/7
  1647 | D:3      | Reached skill level 1 in Fighting
  1654 | D:3      | Learned a level 3 spell: Mephitic Cloud
  1762 | D:3      | You fall into a shaft and drop 2 floors!
  1762 | D:5      | Entered Level 5 of the Dungeon
  1891 | D:5      | Noticed a centaur
  1911 | D:4      | Reached skill level 4 in Poison Magic
  1918 | D:4      | Noticed Blork the orc
  1919 | D:4      | Blork the orc changed into Blork the hobgoblin
  1919 | D:4      | Noticed Blork
  1928 | D:4      | Killed Blork the hobgoblin
  1929 | D:4      | Reached XP level 5. HP: 7/33 MP: 8/8
  2058 | D:4      | Reached skill level 2 in Short Blades
  2200 | D:4      | Noticed a black bear
  2201 | D:4      | Noticed an ogre
  2208 | D:4      | Identified a potion of resistance
  2217 | D:4      | Killed a black bear
  2218 | D:4      | Reached skill level 2 in Dodging
  2218 | D:4      | Reached skill level 3 in Stealth
  2218 | D:4      | Reached skill level 1 in Conjurations
  2218 | D:4      | Reached skill level 1 in Air Magic
  2218 | D:4      | Reached XP level 6. HP: 38/38 MP: 9/9
  2221 | D:4      | Reached skill level 3 in Evocations
  2316 | D:4      | Noticed Sigmund
  2325 | D:4      | Killed Sigmund
  2326 | D:4      | Reached skill level 3 in Short Blades
  2326 | D:4      | Reached XP level 7. HP: 23/44 MP: 5/11
  2461 | D:4      | Reached skill level 2 in Fighting
  3760 | D:4      | Reached skill level 3 in Spellcasting
  3812 | D:4      | Reached skill level 2 in Air Magic
  3841 | D:4      | Reached skill level 4 in Stealth
  3841 | D:4      | Reached skill level 2 in Conjurations
  4148 | D:5      | Reached XP level 8. HP: 12/51 MP: 12/12
  4335 | D:5      | Found a hide-covered altar of Uskayaw.
  4412 | D:5      | Found a stormy altar of Qazlal.
  4477 | D:5      | Reached skill level 3 in Dodging
  4523 | D:5      | Reached skill level 4 in Short Blades
  4548 | D:5      | Reached skill level 5 in Poison Magic
  4567 | D:5      | Reached skill level 4 in Evocations
  4896 | D:6      | Identified 2 scrolls of acquirement
  4897 | D:6      | Acquired the ring "Lein" {Fire *Corrode rN+ SInv}
  4899 | D:6      | Acquired a book of the Spheres
  4907 | D:6      | Learned a level 5 spell: Fireball
  5171 | D:6      | Found a transporter.
  5174 | D:6      | Noticed diodin's ghost (novice NaIE)
  5176 | D:6      | Found a transporter.
  5176 | D:6      | Identified the +7 giant spiked club "Hiloil" {venom, Int+4
                  | Dex+4}
  5176 | D:6      | Noticed a two-headed ogre
  5242 | D:6      | Found a sand-covered staircase.
  5246 | Ossuary  | Entered an ossuary
  5262 | Ossuary  | Reached skill level 1 in Fire Magic
  5309 | Ossuary  | Reached skill level 3 in Conjurations
  5448 | Ossuary  | Reached skill level 3 in Fighting
  5567 | D:6      | Found a staircase to the Ecumenical Temple.
  5572 | Temple   | Entered the Ecumenical Temple
  5929 | Temple   | Became a worshipper of Vehumet
  5964 | D:6      | Reached skill level 3 in Air Magic
  6114 | D:6      | Found a hazy altar of Hepliaklqana.
  6115 | D:6      | Found a faded altar of an unknown god.
  6133 | D:6      | Reached skill level 5 in Stealth
  6133 | D:6      | Reached XP level 9. HP: 56/56 MP: 8/14
  6221 | D:6      | Found a sacrificial altar of Ru.
  6503 | D:6      | Reached skill level 2 in Fire Magic
  7052 | D:7      | Reached skill level 5 in Short Blades
  7420 | D:7      | Noticed a troll
  7425 | D:7      | Killed a troll
  7426 | D:7      | Reached skill level 4 in Conjurations
  7563 | D:7      | Found a shimmering altar of Xom.
  7635 | D:7      | Reached skill level 4 in Spellcasting
  7776 | D:7      | Found Zurheck's Magic Scroll Emporium.
  7843 | D:7      | Reached skill level 3 in Fire Magic
  7859 | D:7      | Reached * piety under Vehumet
  7859 | D:7      | Offered knowledge of Foxfire by Vehumet.
  7866 | D:7      | Learned a level 1 spell: Foxfire
  8001 | D:7      | Bought a scroll of poison for 60 gold pieces
  8001 | D:7      | Bought a scroll of identify for 30 gold pieces
  8001 | D:7      | Bought a scroll of identify for 30 gold pieces
  8001 | D:7      | Bought a scroll of identify for 30 gold pieces
  8001 | D:7      | Bought a scroll of identify for 30 gold pieces
  8001 | D:7      | Bought a scroll of teleportation for 45 gold pieces
  8236 | D:8      | Reached skill level 6 in Poison Magic
  8267 | D:8      | Reached skill level 4 in Dodging
  8658 | D:8      | Noticed Pikel
  8675 | D:8      | Killed Pikel
  8676 | D:8      | Reached skill level 5 in Evocations
  8676 | D:8      | Reached XP level 10. HP: 50/63 MP: 10/16
  8930 | D:8      | Found a burning altar of Makhleb.
  8934 | D:8      | Reached skill level 5 in Conjurations
  8942 | D:8      | Reached skill level 6 in Short Blades
  9109 | D:8      | Reached skill level 4 in Fighting
  9109 | D:8      | Reached skill level 4 in Fire Magic
  9221 | D:8      | Noticed a two-headed ogre
  9234 | D:8      | Reached skill level 4 in Air Magic
  9263 | D:8      | Killed a two-headed ogre
  9558 | D:8      | Reached skill level 5 in Fire Magic
  9828 | D:8      | Found the +5 Storm Queen's Shield {shock, Fly rElec}
 10247 | D:9      | Found an ancient bone altar of Kikubaaqudgha.
 10251 | D:9      | Found an ornate altar of the Wu Jian Council.
 10254 | D:9      | Found an opulent altar of Gozag.
 10339 | D:9      | Offered knowledge of Scorch by Vehumet.
 10344 | D:9      | Reached ** piety under Vehumet
 10345 | D:9      | Reached skill level 6 in Conjurations
 10478 | D:9      | Noticed a two-headed ogre
 10508 | D:9      | Killed a two-headed ogre
 10509 | D:9      | Reached skill level 5 in Dodging
 10509 | D:9      | Reached skill level 5 in Spellcasting
 10509 | D:9      | Reached XP level 11. HP: 26/70 MP: 9/18
 10685 | D:9      | Reached skill level 7 in Short Blades
 10689 | D:9      | Reached skill level 1 in Shields
 10963 | D:9      | Reached skill level 6 in Evocations
 11165 | D:9      | Found a staircase to the Lair.
 11624 | D:10     | Entered Level 10 of the Dungeon
 11704 | D:10     | Offered knowledge of Static Discharge by Vehumet.
 11705 | D:10     | Reached skill level 5 in Fighting
 12046 | D:10     | Reached skill level 5 in Air Magic
 12224 | D:10     | Found a bloodstained altar of Trog.
 12252 | D:10     | Reached skill level 6 in Fire Magic
 12324 | D:10     | Reached skill level 2 in Shields
 12409 | D:10     | Found Lotew's Weapon Boutique.
 12442 | D:10     | Reached *** piety under Vehumet
 12623 | D:10     | Noticed Harold
 12642 | D:10     | Killed Harold
 12643 | D:10     | Reached skill level 7 in Conjurations
 13071 | D:11     | Noticed a boulder beetle
 13093 | D:11     | Noticed a two-headed ogre
 13094 | D:11     | Reached skill level 8 in Short Blades
 13095 | D:11     | Killed a two-headed ogre
 13096 | D:11     | Reached XP level 12. HP: 68/77 MP: 20/20
 13114 | D:11     | Killed a boulder beetle
 13380 | D:11     | Offered knowledge of Iskenderun's Mystic Blast by Vehumet.
 13600 | D:11     | Found a staircase to the Orcish Mines.
 13817 | D:12     | Noticed Erolcha
 13872 | D:12     | Reached skill level 3 in Shields
 13916 | D:12     | Killed Erolcha
 13930 | D:11     | Reached skill level 7 in Fire Magic
 14327 | D:12     | Reached skill level 6 in Dodging
 14633 | D:12     | Reached skill level 6 in Spellcasting
 14638 | D:12     | Reached **** piety under Vehumet
 14844 | D:12     | Reached skill level 8 in Conjurations
 14844 | D:12     | Reached skill level 7 in Evocations
 15029 | Lair:1   | Entered Level 1 of the Lair of Beasts
 15095 | Lair:1   | Reached skill level 6 in Air Magic
 15131 | Lair:1   | Offered knowledge of Stone Arrow by Vehumet.
 15329 | Lair:1   | Reached skill level 6 in Fighting
 15648 | Lair:1   | Noticed Fannar
 16094 | Lair:1   | Fannar changed into Fannar the shock serpent
 16094 | Lair:1   | Noticed Fannar
 16108 | Lair:1   | Killed Fannar the shock serpent
 16174 | Lair:2   | Learned a level 3 spell: Stone Arrow
 16177 | Lair:2   | Learned a level 2 spell: Scorch
 16362 | Lair:2   | Reached skill level 9 in Short Blades
 16986 | Lair:2   | Reached skill level 4 in Shields
 17241 | Lair:3   | Reached skill level 1 in Earth Magic
 17241 | Lair:3   | Reached XP level 13. HP: 83/83 MP: 18/22
 17257 | Lair:3   | HP: 7/83 [something (11)]
 17555 | Lair:3   | Found a hole to the Spider Nest.
 17571 | Lair:3   | Noticed Urug
 17598 | Lair:3   | Reached skill level 8 in Fire Magic
 17605 | Lair:3   | Killed Urug
 17716 | Lair:3   | Noticed Gastronok
 17739 | Lair:3   | Killed from afar by Gastronok

Vanquished Creatures
  Erolcha (D:12)
  Harold (D:10)
  2 boulder beetles
  3 two-headed ogres
  Urug (Lair:3)
  A shock serpent (Lair:1)
  Pikel (D:8)
  A deep elf pyromancer (D:12)
  An ugly thing (D:12)
  4 cane toads
  A gargoyle (D:12)
  An unseen horror (D:12)
  A rime drake (Lair:3)
  A kobold demonologist (D:10)
  2 polar bears (D:10)
  A komodo dragon (D:9)
  A hornet (D:10)
  5 trolls
  A blink frog (Lair:3)
  2 jumping spiders (Lair:3)
  A wraith (D:11)
  Sigmund (D:4)
  A shadow (D:10)
  A fire elemental (D:11)
  3 spriggans (Lair:1)
  3 wyverns
  A basilisk (Lair:2)
  A steam dragon (Lair:2)
  24 yaks
  A redback (Lair:3)
  13 vampire mosquitoes
  An acid dragon (D:11)
  13 water moccasins
  4 orc warriors
  An ice beast (D:5)
  A sky beast (D:4)
  5 black bears
  3 ogres
  13 centaurs
  2 lemures (D:8)
  3 kobold brigands
  3 bullfrogs
  A necrophage (D:8)
  2 scorpions
  2 water moccasin zombies (Ossuary)
  9 wights
  12 killer bees
  4 howler monkeys
  2 electric eels
  A hound (D:4)
  7 orc priests
  A sleepcap (D:6)
  An iguana (D:5)
  13 orc wizards
  A hound skeleton (D:8)
  2 mummies (Ossuary)
  4 gnolls (D:3)
  10 adders
  2 white imps
  2 ufetubi (D:6)
  2 adder zombies (Ossuary)
  5 worms
  4 dart slugs
  27 orcs
  6 ball pythons
  2 bats
  5 endoplasms
  A giant cockroach (D:1)
  8 goblins
  4 hobgoblins
  2 jackals (D:2)
  9 quokkas
  3 frilled lizards
  5 gnoll zombies (Ossuary)
  6 hobgoblin zombies (Ossuary)
  15 kobolds
  2 kobold zombies (Ossuary)
  7 orc zombies (Ossuary)
  4 rats
324 creatures vanquished.

Vanquished Creatures (collateral kills)
  2 blink frogs (Lair:3)
  A basilisk (Lair:3)
  14 foxfires
17 creatures vanquished.

Vanquished Creatures (others)
  765 foxfires
765 creatures vanquished.

Grand Total: 1106 creatures vanquished

Table legend: (Time is in decaauts)
 A = Elapsed time spent in this place.
 B = Non-inter-level travel time spent in this place.
 C = Inter-level travel time spent in this place.
 D = Time resting spent in this place.
 E = Time spent auto-exploring this place.
 F = Levels seen in this place.
 G = Mean time per level.
                   A        B        C        D        E       F      G
               +--------+--------+--------+--------+--------+-----+--------+
         Total |  17636 |  17063 |    573 |   2540 |  11553 |  17 | 1037.4 |
       Dungeon |  14291 |  13889 |    402 |   2417 |   9065 |  12 | 1190.9 |
        Temple |    381 |    320 |     61 |      0 |    306 |   1 |  381.0 |
          Lair |   2704 |   2594 |    110 |    123 |   1997 |   3 |  901.3 |
       Ossuary |    259 |    259 |      0 |      0 |    185 |   1 |  259.0 |
               +--------+--------+--------+--------+--------+-----+--------+

Top non-repeatable levels by time:
     D:8: 1823 daAuts
     D:9: 1588 daAuts
     D:4: 1579 daAuts
     D:6: 1421 daAuts
    D:11: 1326 daAuts
     D:7: 1218 daAuts
    D:10: 1131 daAuts
  Lair:1: 1114 daAuts
  Lair:2: 1049 daAuts
    D:12: 919 daAuts
     D:3: 904 daAuts
     D:5: 895 daAuts
     D:1: 750 daAuts
     D:2: 734 daAuts
  Lair:3: 539 daAuts

Table legend:
 A = Non-vault XP
 B = Vault XP
 C = Vault XP percentage of total XP
 D = Non-vault monster count
 E = Vault monster count
 F = Vault count percentage of total count
                 A         B        C        D         E       F
            +---------+---------+-------+---------+---------+-------
      Total |   26349 |    9690 |  26.9 |     254 |      71 |  21.8
            +---------+---------+-------+---------+---------+-------
        D:1 |      30 |       0 |   0.0 |      18 |       0 |   0.0
        D:2 |      27 |      16 |  37.2 |       8 |       8 |  50.0
        D:3 |     140 |       0 |   0.0 |      21 |       0 |   0.0
        D:4 |     642 |     252 |  28.2 |      24 |       6 |  20.0
        D:5 |     514 |       0 |   0.0 |      15 |       0 |   0.0
        D:6 |     657 |     137 |  17.3 |      13 |       1 |   7.1
        D:7 |    1325 |       0 |   0.0 |      18 |       0 |   0.0
        D:8 |    3679 |     788 |  17.6 |      27 |       3 |  10.0
        D:9 |    1918 |    1567 |  45.0 |      24 |      10 |  29.4
       D:10 |    2529 |    1473 |  36.8 |      14 |       3 |  17.6
       D:11 |    5339 |     210 |   3.8 |      22 |       1 |   4.3
       D:12 |    4124 |     888 |  17.7 |      25 |       1 |   3.8
     Lair:1 |    1445 |    1876 |  56.5 |       6 |       7 |  53.8
     Lair:2 |    2142 |       0 |   0.0 |      10 |       0 |   0.0
     Lair:3 |    1838 |    2266 |  55.2 |       9 |       5 |  35.7
    Ossuary |       0 |     217 | 100.0 |       0 |      26 | 100.0
            +---------+---------+-------+---------+---------+-------
